 Dungeon Crawl Stone Soup version 0.22.0-38-g04b72b8 (webtiles) character file.

472 harcile the Slasher (level 7, -1/61 HPs)
             Began as a Hill Orc Berserker on Aug 30, 2018.
             Was a Believer of Trog.
             Slain by a water moccasin zombie (4 damage)
             ... on level 6 of the Dungeon.
             The game lasted 00:07:46 (2906 turns).

harcile the Slasher (Hill Orc Berserker)            Turns: 2906, Time: 00:07:46

Health: -1/61      AC:  9    Str: 22    XL:     7   Next: 9%
Magic:  7/7        EV: 12    Int:  7    God:    Trog [**....]
Gold:   193        SH:  0    Dex: 10    Spells: 6/6 levels left

rFire    . . .     SeeInvis .   o - +0 scimitar (holy)
rCold    . . .     Gourm    .   (no shield)
rNeg     . . .     Faith    .   l - +0 ring mail
rPois    .         Spirit   .   (no helmet)
rElec    .         Reflect  .   f - +0 cloak
rCorr    .         Harm     .   e - +0 pair of gloves
MR       .....                  j - +0 pair of boots
Stlth    +.........             (no amulet)
HPRegen  0.20/turn              (no ring)
MPRegen  0.10/turn              (no ring)

@: marked, berserk cooldown, slowed, very slow
A: no striking features
a: Berserk, Trog's Hand, Renounce Religion, Convert to Beogh


You were on level 6 of the Dungeon.
You worshipped Trog.
Trog was pleased with you.
You were very hungry.

You visited 1 branch of the dungeon, and saw 4 of its levels.

You collected 193 gold pieces.

Inventory:

Hand Weapons
 a - a +0 falchion
 o - a +0 scimitar of holy wrath (weapon)
Armour
 e - a +0 pair of gloves (worn)
 f - a +0 cloak (worn)
 j - a +0 pair of boots (worn)
 l - a +0 ring mail (worn)
Jewellery
 m - an uncursed amulet of guardian spirit {unknown}
Scrolls
 g - a scroll of immolation {unknown}
 h - a scroll of magic mapping {unknown}
 k - 4 scrolls of identify {unknown}
 p - a scroll of fear {unknown}
Potions
 b - a potion of haste {unknown}
 d - a potion of berserk rage
 i - a potion of flight
 n - 2 potions of curing
Comestibles
 c - 6 rations


   Skills:
 + Level 5.4 Fighting
 + Level 5.7 Long Blades
 + Level 4.3 Armour
 + Level 2.8 Dodging
 + Level 0.4 Stealth


You had 6 spell levels left.
You didn't know any spells.
Your spell library was empty.

Dungeon Overview and Level Annotations

Branches:
Dungeon (3/15)

Altars:
Qazlal


Message History

The water moccasin zombie barely misses you.
The water moccasin zombie bites you but does no damage.
An orc wizard comes into view. It is wielding a dagger.
Things that are here:
an uncursed shortbow; 21 arrows; a centaur corpse The orc priest invokes the aid of Beogh against you.
Pain shoots through your body!
* * * LOW HITPOINT WARNING * * *
The water moccasin zombie bites you.
* * * LOW HITPOINT WARNING * * *
The water moccasin zombie misses you.
You riposte.
You hit the water moccasin zombie but do no damage.
The water moccasin zombie is lightly damaged.
A quasit comes into view.
There is a stone staircase leading up here.
The water moccasin zombie bites you but does no damage.
The orc warrior hits you with a war axe!
* * * LOW HITPOINT WARNING * * *
The water moccasin zombie bites you.
You die...

.........:...########
###.......((###.....#
#######....##.....#
#####.(#.....#
...o[..5......#
#######o.)....#
#.......# ###oZo..#
#o@...# #.....#
#.....# #######


You could see an orc warrior, an orc priest, 2 orc wizards, a quasit and a water
moccasin zombie.

Vanquished Creatures
  A sky beast (D:6)
  A centaur (D:6)
  A bullfrog (D:6)
  A jelly (D:6)
  An orc priest (D:3)
  A hound (D:6)
  A worker ant (D:6)
  3 adders
  4 gnolls (D:3)
  3 worms
  A dart slug (D:3)
  A leopard gecko (D:6)
  7 orcs
  3 goblins
  6 hobgoblins
  3 jackals (D:1)
  A quokka (D:3)
  2 ball pythons
  A bat (D:2)
  4 frilled lizards
  6 kobolds
  4 rats
56 creatures vanquished.

Notes
Turn   | Place    | Note
-------+----------+-------------------------------------------
     0 | D:1      | harcile the Hill Orc Berserker began the quest for the Orb.
     0 | D:1      | Reached XP level 1. HP: 19/19 MP: 1/1
   540 | D:1      | Reached XP level 2. HP: 25/27 MP: 2/2
   877 | D:2      | Reached XP level 3. HP: 14/34 MP: 3/3
  1196 | D:2      | Reached ** piety under Trog
  1792 | D:3      | Reached XP level 4. HP: 38/41 MP: 4/4
  1852 | D:3      | HP: 2/61 [orc priest/divine providence (13)]
  2195 | D:3      | Reached XP level 5. HP: 37/47 MP: 5/5
  2683 | D:3      | You fall through a shaft for 3 floors!
  2695 | D:6      | Noticed a sky beast
  2735 | D:6      | Killed a sky beast
  2735 | D:6      | Reached skill level 5 in Fighting
  2735 | D:6      | Reached skill level 5 in Long Blades
  2735 | D:6      | Reached XP level 6. HP: 26/56 MP: 6/6
  2759 | D:6      | Noticed an air elemental
  2761 | D:6      | Found a stormy altar of Qazlal.
  2762 | D:6      | Noticed a water elemental
  2762 | D:6      | Noticed a fire elemental
  2899 | D:6      | Reached XP level 7. HP: 24/61 MP: 7/7
  2906 | D:6      | HP: 3/61 [orc warrior/war axe (13)]
  2906 | D:6      | Slain by a water moccasin zombie

Skill      XL: |  1  2  3  4  5  6 |
---------------+-------------------+-----
Fighting       | 4 5 |  5.4
Dodging        | 2 |  2.8
Long Blades    | 4 5 |  5.7
Armour         | 3 4 |  4.3
Stealth        | |  0.4

Action                   |  1- 3 |  4- 6 |  7- 9 || total
-------------------------+-------+-------+-------++-------
Melee: Falchion          |   111 |   117 |       ||   228
       Scimitar          |       |     6 |     2 ||     8
Invok: Berserk           |     2 |     4 |       ||     6
  Use: Scroll            |     2 |       |       ||     2
       Potion            |     4 |     3 |       ||     7
 Stab: Invisible         |     1 |       |       ||     1
  Eat: Chunk             |     1 |     3 |       ||     4
       Ration            |     1 |     1 |       ||     2
Armor: Animal skin       |     5 |       |       ||     5
       Ring mail         |    36 |    61 |     4 ||   101
Dodge: Dodged            |    72 |    91 |     4 ||   167
       Rpst.: Falchion   |    24 |    28 |       ||    52
       Scimitar          |       |     2 |     3 ||     5
